 Dungeon Crawl Stone Soup version 0.24-a0-778-g74da537585 (webtiles) character file.

Game seed: 10212301904210980004, levelgen mode: deterministic

926 Ablot the Charmwright (level 8, -11/63 HPs)
             Began as a Gnoll Skald on Oct 7, 2019.
             Was an Initiate of Okawaru.
             Mangled by an orc warrior
             ... wielding a +0 dire flail
              (22 damage)
             ... on level 6 of the Dungeon.
             The game lasted 00:09:33 (3819 turns).

Ablot the Charmwright (Gnoll Skald)                 Turns: 3819, Time: 00:09:34

Health: -11/63     AC:  6    Str: 16    XL:     8   Next: 10%
Magic:  4/16       EV: 15    Int: 15    God:    Okawaru [......]
Gold:   326        SH:  2    Dex: 15    Spells: 4/18 levels left

rFire    + . .     SeeInvis .   a - +0 trident
rCold    + . .     Gourm    .   (no shield)
rNeg     . . .     Faith    .   D - +2 robe {rC+ rF+}
rPois    .         Spirit   .   p - +0 helmet
rElec    .         Reflect  +   (no cloak)
rCorr    .         Harm     .   (no gloves)
MR       .....     Rnd*Tele +   m - +0 pair of boots
Stlth    ++........             x - +2 amulet of reflection
HPRegen  1.20/turn              n - ring of teleportation (curse)
MPRegen  0.15/turn              (no ring)

@: singing (expiring), very slightly contaminated, regenerating (expiring)
A: distributed training, fangs 1, strong nose
a: Renounce Religion


You were on level 6 of the Dungeon.
You worshipped Okawaru.
Okawaru was noncommittal.
You were hungry.

You visited 2 branches of the dungeon, and saw 7 of its levels.

You collected 326 gold pieces.

Inventory:

Hand Weapons
 a - a +0 trident (weapon)
Missiles
 e - 275 stones
 k - 57 sling bullets
 q - 22 poisoned darts (quivered)
 r - 34 arrows
 w - 29 bolts
Armour
 m - a +0 pair of boots (worn)
 p - a +0 helmet (worn)
 D - a +2 robe of resistance (worn)
Jewellery
 n - a cursed ring of teleportation (left hand)
 x - a +2 amulet of reflection (around neck)
Wands
 c - a wand of enslavement (7)
 y - a wand of acid (6)
 E - a wand of digging (5)
Scrolls
 b - a scroll of teleportation {unknown}
 f - a scroll of random uselessness {unknown}
 g - 3 scrolls of remove curse {unknown}
 h - 2 scrolls of fog {unknown}
 l - 7 scrolls of enchant armour {unknown}
 o - 2 scrolls of amnesia {unknown}
 u - 3 scrolls of magic mapping {unknown}
 v - a scroll of noise {unknown}
 C - 4 scrolls of identify {unknown}
 G - a scroll of fear {unknown}
Potions
 i - 2 potions of degeneration {unknown}
 j - a potion of lignification {unknown}
 s - a potion of haste {unknown}
 t - 3 potions of curing {unknown}
 z - a potion of ambrosia {unknown}
 A - 2 potions of mutation {unknown}
 B - 2 potions of resistance {unknown}
Comestibles
 d - 9 rations
 F - 5 chunks of flesh


   Skills:
 + Level 5.4 Fighting
 + Level 2.9 Short Blades
 + Level 2.9 Long Blades
 + Level 2.9 Axes
 + Level 2.9 Maces & Flails
 + Level 5.4 Polearms
 + Level 2.9 Staves
 + Level 2.9 Slings
 + Level 2.9 Bows
 + Level 2.9 Crossbows
 + Level 2.9 Throwing
 + Level 3.9 Armour
 + Level 5.4 Dodging
 + Level 2.9 Stealth
 + Level 2.9 Shields
 + Level 2.9 Unarmed Combat
 + Level 5.8 Spellcasting
 + Level 2.3 Conjurations
 + Level 2.3 Hexes
 + Level 6.0 Charms
 + Level 2.3 Summonings
 + Level 2.3 Necromancy
 + Level 2.3 Translocations
 + Level 2.3 Transmutations
 + Level 2.3 Fire Magic
 + Level 2.3 Ice Magic
 + Level 2.3 Air Magic
 + Level 2.3 Earth Magic
 + Level 2.3 Poison Magic
 + Level 3.2 Invocations
 + Level 2.9 Evocations


You had 4 spell levels left.
You knew the following spells:

 Your Spells              Type           Power        Failure   Level  Hunger
a - Infusion              Chrm           ###.         1%          1    None
b - Song of Slaying       Chrm           ###.....     1%          2    #......
c - Shroud of Golubria    Chrm/Tloc      ###...       4%          2    #......
d - Regeneration          Chrm/Necr      ###.......   9%          3    ###....
e - Spectral Weapon       Hex/Chrm       ###.....     9%          3    ###....
f - Ozocubu's Armour      Chrm/Ice       ###.....     9%          3    ###....

Your spell library contained the following spells:

 Spells                   Type           Power        Failure   Level  Hunger
 Freeze                   Ice            ##..         6%          1    None
 Magic Dart               Conj           ##..         6%          1    None
 Throw Frost              Conj/Ice       ##....       9%          2    #......
 Summon Ice Beast         Ice/Summ       ##......     50%         4    ####...
 Throw Icicle             Conj/Ice       ##......     50%         4    ####...


Dungeon Overview and Level Annotations

Branches:
Dungeon (6/15)             Temple (1/1) D:5

Altars:
Ashenzari
Cheibriados
Dithmenos
Elyvilon
Fedhas
Hepliaklqana
Kikubaaqudgha
Makhleb
Nemelex Xobeh
Okawaru
Qazlal
Ru
Sif Muna
Uskayaw
Vehumet
Wu Jian
Xom
Yredelemnul
The Shining One

Annotations:
D:6 Menkaure


Innate Abilities, Weirdness & Mutations

Your experience applies equally to all skills.
You have very sharp teeth.
Your uncanny sense of smell can sniff out nearby items.


Message History

The crimson imp hits you but does no damage.
The orc warrior barely misses you.
Unknown command.
You closely miss the orc warrior.
The orc warrior is heavily wounded.
The crimson imp completely misses you.
The orc warrior hits you with a +0 dire flail!
* * * LOW HITPOINT WARNING * * *
Unknown command.
You hit the orc warrior.
The orc warrior is severely wounded.
Your skin is crawling a little less now.
The crimson imp closely misses you. The orc warrior closely misses you.
Unknown command.
You barely miss the orc warrior.
The orc warrior is severely wounded.
Your song is almost over.
You block the crimson imp's attack.
The orc warrior hits you with a +0 dire flail!!
You die...

......................
.......................
.<.....................
...####..####.........
.### ##..#......#..#.
.## #.รท.....##$.##
..## ##)..S.###.##
#..## #..o(###5.#
##..#####....#oo@.#
#......>.....S##.......
#..#.........## #......
#.#####..#...# ##..#.
#.# #..###..# ... ..#
#.## ##..# .. #..# #.#
#.# # ... #.# .. . ..#
#.


You could see an orc warrior, a crimson imp, an adder and an orc.

Vanquished Creatures
  An ogre (D:4)
  An orc warrior (D:5)
  A centaur (D:5)
  2 bullfrogs (D:6)
  A bullfrog zombie (D:5)
  A crimson imp (D:4)
  An orc priest (D:5)
  2 hounds (D:5)
  2 orc wizards (D:5)
  A bullfrog skeleton (D:5)
  4 worker ants
  A hound skeleton (D:5)
  9 adders
  4 oozes
  2 adder zombies (D:2)
  3 adder skeletons
  3 worms
  2 dart slugs (D:1)
  3 leopard geckos
  12 orcs
  5 giant cockroaches
  2 goblins
  5 hobgoblins
  2 jackals (D:5)
  5 kobolds
  3 quokkas
  5 bats
  6 frilled lizards
  A jackal zombie (D:2)
  A leopard gecko skeleton (D:2)
  5 rats
  A spectral orc (D:2)
97 creatures vanquished.

Vanquished Creatures (others)
  2 spectral weapons
  4 toadstools (D:1)
6 creatures vanquished.

Grand Total: 103 creatures vanquished

Notes
Turn   | Place    | Note
-------+----------+-------------------------------------------
     0 | D:1      | Ablot the Gnoll Skald began the quest for the Orb.
     0 | D:1      | Reached XP level 1. HP: 20/20 MP: 6/6
    87 | D:1      | Reached XP level 2. HP: 17/26 MP: 7/7
    91 | D:1      | Learned a level 2 spell: Song of Slaying
    94 | D:1      | Learned a level 2 spell: Shroud of Golubria
   443 | D:1      | Reached XP level 3. HP: 30/31 MP: 9/9
   448 | D:1      | Learned a level 3 spell: Regeneration
   452 | D:1      | Learned a level 3 spell: Spectral Weapon
   532 | D:2      | Reached skill level 5 in Spellcasting
   613 | D:2      | Reached skill level 1 in Invocations
   667 | D:2      | Reached skill level 1 in Short Blades
   667 | D:2      | Reached skill level 1 in Long Blades
   667 | D:2      | Reached skill level 1 in Axes
   667 | D:2      | Reached skill level 1 in Maces & Flails
   667 | D:2      | Reached skill level 1 in Staves
   667 | D:2      | Reached skill level 1 in Slings
   667 | D:2      | Reached skill level 1 in Bows
   667 | D:2      | Reached skill level 1 in Crossbows
   667 | D:2      | Reached skill level 1 in Throwing
   667 | D:2      | Reached skill level 1 in Stealth
   667 | D:2      | Reached skill level 1 in Shields
   667 | D:2      | Reached skill level 1 in Unarmed Combat
   667 | D:2      | Reached skill level 1 in Evocations
   667 | D:2      | Reached XP level 4. HP: 26/38 MP: 0/11
   831 | D:2      | Found a sparkling altar of Nemelex Xobeh.
   919 | D:2      | Reached skill level 1 in Conjurations
   919 | D:2      | Reached skill level 1 in Hexes
   919 | D:2      | Reached skill level 1 in Summonings
   919 | D:2      | Reached skill level 1 in Necromancy
   919 | D:2      | Reached skill level 1 in Translocations
   919 | D:2      | Reached skill level 1 in Transmutations
   919 | D:2      | Reached skill level 1 in Fire Magic
   919 | D:2      | Reached skill level 1 in Ice Magic
   919 | D:2      | Reached skill level 1 in Air Magic
   919 | D:2      | Reached skill level 1 in Earth Magic
   919 | D:2      | Reached skill level 1 in Poison Magic
   975 | D:2      | Found a basalt altar of Yredelemnul.
  1208 | D:3      | Reached XP level 5. HP: 36/43 MP: 6/12
  2098 | D:4      | Noticed an ogre
  2132 | D:4      | Reached XP level 6. HP: 50/50 MP: 6/13
  2193 | D:4      | Found a glowing golden altar of the Shining One.
  2542 | D:4      | Reached skill level 5 in Fighting
  2542 | D:4      | Reached skill level 5 in Polearms
  2542 | D:4      | Reached skill level 5 in Dodging
  2562 | D:5      | Entered Level 5 of the Dungeon
  2604 | D:5      | Reached XP level 7. HP: 55/56 MP: 11/15
  2653 | D:5      | Found a staircase to the Ecumenical Temple.
  2672 | Temple   | Entered the Ecumenical Temple
  2732 | Temple   | Became a worshipper of Warmaster Okawaru
  3191 | D:5      | Learned a level 3 spell: Ozocubu's Armour
  3350 | D:5      | Found a shattered altar of Ashenzari.
  3448 | D:5      | Found a white marble altar of Elyvilon.
  3476 | D:5      | Found an ancient bone altar of Kikubaaqudgha.
  3480 | D:5      | Found a shimmering blue altar of Sif Muna.
  3482 | D:5      | Found a radiant altar of Vehumet.
  3486 | D:5      | Identified Vehumet's Volume of Confrontation
  3635 | D:6      | Noticed Menkaure
  3676 | D:6      | Found a shadowy altar of Dithmenos.
  3687 | D:6      | Reached XP level 8. HP: 36/63 MP: 16/16
  3774 | D:6      | Reached skill level 6 in Charms
  3819 | D:6      | Mangled by an orc warrior

Levels and vault maps discovered:
D:1:      ldierk_water_garden, layout_rooms
D:2:      layout_basic, yredelemnul_forgotten_temple_becter,
          nemelex_xobeh_ov_fountains_minmay, first_ration, serial_undead,
          serial_undead_f, serial_undead_f, serial_undead_f, serial_undead_e
D:3:      layout_loops_ring
D:4:      layout_rooms, minmay_door_square, tso_altar
D:5:      layout_rooms, grunt_temple_overflow_magic_moments,
          kennysheep_mini_moat, kennysheep_little_box,
          minmay_temple_entry_steel_oval, chequers_jeans,
          guppyfry_early_orc_mine
D:6:      layout_layer_cave, nicolae_overflow_hidden_temple,
          overflow_temple_1_default, basic_altar, makhleb_altar_promises_db,
          uniq_menkaure
Temple:   minmay_temple_curvy_loop

Skill      XL: |  1  2  3  4  5  6  7  8 |
---------------+-------------------------+-----
Spellcasting   | 5 |  5.8
Invocations    | 1 2 3 |  3.2
Short Blades   | 1 2 |  2.9
Long Blades    | 1 2 |  2.9
Axes           | 1 2 |  2.9
Maces & Flails | 1 2 |  2.9
Staves         | 1 2 |  2.9
Slings         | 1 2 |  2.9
Bows           | 1 2 |  2.9
Crossbows      | 1 2 |  2.9
Throwing       | 1 2 |  2.9
Stealth        | 1 2 |  2.9
Shields        | 1 2 |  2.9
Unarmed Combat | 1 2 |  2.9
Evocations     | 1 2 |  2.9
Conjurations   | 1 2 |  2.3
Hexes          | 1 2 |  2.3
Summonings     | 1 2 |  2.3
Necromancy     | 1 2 |  2.3
Translocations | 1 2 |  2.3
Transmutations | 1 2 |  2.3
Fire Magic     | 1 2 |  2.3
Ice Magic      | 1 2 |  2.3
Air Magic      | 1 2 |  2.3
Earth Magic    | 1 2 |  2.3
Poison Magic   | 1 2 |  2.3
Armour         | 3 |  3.9
Fighting       | 5 |  5.4
Polearms       | 5 |  5.4
Dodging        | 5 |  5.4
Charms         | 6 |  6.0

Action                   |  1- 3 |  4- 6 |  7- 9 || total
-------------------------+-------+-------+-------++-------
Melee: Spear             |    85 |   196 |       ||   281
       Bite              |     6 |    24 |     8 ||    38
       Trident           |       |    67 |    78 ||   145
Throw: Dart              |       |     4 |       ||     4
 Cast: Infusion          |     3 |     8 |     2 ||    13
       Shroud of Golubri |     2 |    10 |     8 ||    20
       Regeneration      |     2 |     2 |     3 ||     7
       Spectral Weapon   |       |     3 |     7 ||    10
       Song of Slaying   |       |     1 |     3 ||     4
 Stab: Sleeping          |       |     7 |     1 ||     8
  Eat: Chunk             |       |     7 |     4 ||    11
Armor: Leather armour    |    17 |    35 |       ||    52
       Robe              |       |    14 |    15 ||    29
Dodge: Dodged            |    46 |   152 |    51 ||   249
Block: Other             |       |    10 |     3 ||    13
       Reflection        |       |     1 |       ||     1

Table legend:
 A = Non-vault XP
 B = Vault XP
 C = Vault XP percentage of total XP
 D = Non-vault monster count
 E = Vault monster count
 F = Vault count percentage of total count
                 A         B        C        D         E       F
            +---------+---------+-------+---------+---------+-------
      Total |    1087 |     237 |  17.9 |      84 |      13 |  13.4
            +---------+---------+-------+---------+---------+-------
        D:1 |      34 |       0 |   0.0 |      13 |       0 |   0.0
        D:2 |      86 |      20 |  18.9 |      15 |       6 |  28.6
        D:3 |     139 |       0 |   0.0 |      28 |       0 |   0.0
        D:4 |     256 |       0 |   0.0 |       8 |       0 |   0.0
        D:5 |     386 |     217 |  36.0 |      15 |       7 |  31.8
        D:6 |     186 |       0 |   0.0 |       5 |       0 |   0.0
            +---------+---------+-------+---------+---------+-------
